 Dungeon Crawl Stone Soup version 0.28-a0-863-g8cecda6153 (webtiles) character file.

Game seed: 15046134374619895396

6438 UberPyro the Carver (level 11, -2/75 HPs)
             Began as a Djinni Berserker on Nov 18, 2021.
             Was a Priest of Trog.
             Slain by an orc knight (19 damage)
             ... in a bailey.
             The game lasted 00:29:43 (10605 turns).

UberPyro the Carver (Djinni Berserker)             Turns: 10605, Time: 00:29:44

Health: -2/75      AC:  9    Str: 19    XL:     11   Next: 18%
Gold:   620        EV: 12    Int:  8    God:    Trog [***...] SH:  0 Dex: 20

rFire   + + +      SeeInvis .   a - +0 falchion
rCold   x . .      Faith    .   (no shield)
rNeg    . . .      Spirit   .   g - +0 acid dragon scales
rPois   ∞          Reflect  .   (no helmet)
rElec   .          Harm     .   t - +0 cloak
rCorr   +          Rampage  .   j - +0 pair of gloves
Will    +++..                   (boots unavailable)
Stlth   +.........              b - amulet of regeneration
HPRegen 2.22/turn               l - ring of protection from fire
MPRegen 0.00/turn               r - +6 ring of dexterity

@: strong-willed, on berserk cooldown, flying, regenerating, slowed, invisible,
very slow
A: sickness immunity, fire resistance 2, cold vulnerability 1, float, innate
caster, hp casting, extra vitality 1
a: Renounce Religion, Berserk, Trog's Hand


You were in a bailey.
You worshipped Trog.
Trog was most pleased with you.
You visited 2 branches of the dungeon, and saw 11 of its levels.
You also visited: Bailey.

You collected 702 gold pieces.
You spent 82 gold pieces at shops.

Inventory:

Hand Weapons
 a - a +0 falchion (weapon)
 e - a +2 dagger of venom
Armour
 g - +0 acid dragon scales (worn)
 j - a +0 pair of gloves (worn)
 t - a +0 cloak (worn)
Jewellery
 b - an amulet of regeneration (around neck)
 c - a ring of fire
 l - a ring of protection from fire (left hand)
 r - a +6 ring of dexterity (right hand)
Wands
 k - a wand of digging (7)
 o - a wand of flame (19)
 y - a wand of iceblast (10)
Scrolls
 p - 5 scrolls of teleportation
 u - a scroll of blinking
 x - a scroll of enchant armour
Potions
 d - 3 potions of mutation
 f - a potion of berserk rage
 h - a potion of heal wounds {unknown}
 i - 3 potions of curing
 m - a potion of magic {unknown}
 q - a potion of haste {unknown}
 s - a potion of experience
 w - 2 potions of invisibility
 z - a potion of flight {unknown}
 B - a potion of might {unknown}


   Skills:
 + Level 5.0 Fighting
 + Level 13.7 Long Blades
 * Level 1.4 Throwing
 - Level 5.2 Armour
 + Level 2.6 Dodging


You couldn't memorise any spells.
You knew the following spells:

 Your Spells              Type           Power      Damage    Failure   Level
a - Summon Small Mammal   Summ           0%         N/A       50%         1
b - Poisonous Vapours     Pois/Air       0%         N/A       63%         2
c - Mephitic Cloud        Conj/Pois/Air  0%         N/A       86%         3
d - Summon Lightning Spi  Summ/Air       0%         N/A       99%         4
e - Yara's Violent Unrav  Hex/Tmut       0%         3d3       100%        5
Your spell library was empty.


Dungeon Overview and Level Annotations

Branches:
Dungeon (10/15)            Temple (1/1) D:6            Lair (0/6) D:10
 Bailey (1/1)
    Orc: D:9-12

Altars:
Ashenzari
Cheibriados
Dithmenos
Elyvilon
Fedhas
Gozag
Hepliaklqana
Kikubaaqudgha
Makhleb
Nemelex Xobeh
Okawaru
Qazlal
Ru
Sif Muna
Trog
Uskayaw
Vehumet
Wu Jian
Xom
Yredelemnul
Zin
The Shining One
Jiyva

Shops:
D:4 !?=

Annotations:
D:3 1 runed translucent door, Foxy's ghost, amateur OgFi


Innate Abilities, Weirdness & Mutations

You are immune to sickness and miasma.
You are immune to poison.
Your flesh is very heat resistant. (rF++)
You are vulnerable to cold. (rC-)
You float through the air rather than walking.
You learn spells naturally, not from books.
Your magical power is your life essence.
You have superior vitality. (+4 HP)


Message History

You are no longer berserk.
You are exhausted.
You feel yourself slow down.
The orc knight roars a battlecry!
Your black bear goes berserk!
You can no longer call in reinforcements.
Your black bear closely misses the orc knight.
Your black bear claws the orc knight but does no damage. x2
Your black bear barely misses the orc knight.
Your black bear closely misses the orc knight. x2
The orc knight hits you from afar with a +0 halberd!!
* * * LOW HITPOINT WARNING * * *
Your black bear barely misses the orc knight.
Your black bear claws the orc knight but does no damage.
Your black bear closely misses the orc knight.
You fade into invisibility!
Your black bear bites the orc knight.
Your black bear claws the orc knight but does no damage. x2
The orc knight hits your black bear with a +0 halberd!!
Your black bear closely misses the orc knight.
Your black bear claws the orc knight.
Your black bear closely misses the orc knight.
Your skin crawls.
You feel strong-willed.
Your black bear barely misses the orc knight.
Your black bear closely misses the orc knight.
Your black bear claws the orc knight.
The orc knight hits your black bear with a +0 halberd!!
Your black bear bites the orc knight!
Your black bear claws the orc knight.
Your black bear barely misses the orc knight.
The orc knight hits your black bear with a +0 halberd!!
Your black bear dies!
Your black bear's corpse disappears in a puff of smoke!
Okay, then.
The orc knight shouts!
The orc knight barely misses you.
You closely miss the orc knight.
The orc knight is severely wounded.
The orc knight hits you with a +0 halberd!!
You die...

##### ############
....## ##........∩)##
.....######.)o......)).#
.)..)#)...#........)).)#
)))).)..))'....o@.).))∩#
.....#...)#...§........#
)....######............#
....## ##........∩.##
##### ############


You could see an orc knight and an orc (strong).

Vanquished Creatures
  A two-headed ogre (D:9)
  Pikel (D:9)
  A cyclops (D:8)
  Joseph (D:7)
  Grinder (D:5)
  A shadow (D:9)
  A wyvern (D:6)
  Grum (D:8)
  Eustachio (D:4)
  An acid dragon (D:10)
  A water moccasin (D:8)
  4 orc warriors (Bailey)
  An ice beast (D:7)
  A necrophage (D:7)
  2 wolves (D:8)
  4 sky beasts
  4 ogres
  A centaur (D:8)
  2 kobold brigands
  3 bullfrogs
  2 gnoll sergeants
  2 scorpions (D:4)
  A wyvern skeleton (D:7)
  3 wights (D:8)
  4 killer bees (D:6)
  2 howler monkeys
  A hound (D:6)
  6 orc priests
  4 jellies
  A centaur skeleton (D:6)
  2 iguanas
  9 orc wizards
  3 killer bee zombies
  16 gnolls
  3 adders
  A shadow imp (D:5)
  2 white imps
  2 dart slugs
  A worm (D:4)
  43 orcs
  6 endoplasms
  3 giant cockroaches
  12 goblins
  12 hobgoblins
  8 jackals
  3 quokkas
  7 ball pythons
  5 bats
  17 kobolds
  7 rats
221 creatures vanquished.

Vanquished Creatures (collateral kills)
  2 orc warriors (Bailey)
  4 orcs (Bailey)
6 creatures vanquished.

Grand Total: 227 creatures vanquished

Notes
Turn   | Place    | Note
-------+----------+-------------------------------------------
     0 | D:1      | UberPyro the Djinni Berserker began the quest for the Orb.
     0 | D:1      | Reached XP level 1. HP: 20/20 MP: 0/0
   128 | D:1      | Reached skill level 3 in Long Blades
   137 | D:1      | Reached XP level 2. HP: 15/25 MP: 0/0
   786 | D:1      | Reached XP level 3. HP: 28/30 MP: 0/0
   786 | D:1      | Learned a level 1 spell: Summon Small Mammal
   856 | D:1      | Reached ** piety under Trog
  1237 | D:1      | Found a faded altar of an unknown god.
  1334 | D:2      | Reached skill level 4 in Long Blades
  1603 | D:2      | Reached XP level 4. HP: 34/35 MP: 0/0
  2635 | D:3      | Found an opulent altar of Gozag.
  2812 | D:3      | Found a runed translucent door.
  2814 | D:3      | Noticed Foxy's ghost (amateur OgFi)
  2919 | D:3      | Reached *** piety under Trog
  3379 | D:4      | Reached XP level 5. HP: 39/40 MP: 0/0
  3379 | D:4      | Learned a level 2 spell: Poisonous Vapours
  3414 | D:4      | Found Kaniwn's Jewellery Shop.
  3416 | D:4      | Found Vofeo's Magic Scroll Boutique.
  3418 | D:4      | Found Odiul's Distillery.
  3444 | D:4      | Reached skill level 5 in Long Blades
  3641 | D:4      | Bought a scroll of blinking for 82 gold pieces
  3763 | D:4      | Found an ornate altar of the Wu Jian Council.
  3798 | D:4      | Reached XP level 6. HP: 22/47 MP: 0/0
  4429 | D:4      | Noticed Eustachio
  4455 | D:4      | Killed Eustachio
  4456 | D:4      | Reached XP level 7. HP: 53/53 MP: 0/0
  4456 | D:4      | Learned a level 3 spell: Mephitic Cloud
  4727 | D:5      | Entered Level 5 of the Dungeon
  4820 | D:5      | Reached skill level 6 in Long Blades
  4864 | D:5      | Noticed Grinder
  4881 | D:5      | Killed Grinder
  5226 | D:5      | Found a shimmering altar of Xom.
  5326 | D:5      | Reached XP level 8. HP: 40/58 MP: 0/0
  5755 | D:6      | Found a staircase to the Ecumenical Temple.
  5764 | Temple   | Entered the Ecumenical Temple
  5982 | D:6      | Reached skill level 7 in Long Blades
  6163 | D:6      | Reached skill level 5 in Armour
  6355 | D:6      | Noticed a wyvern
  6363 | D:6      | Killed a wyvern
  6364 | D:6      | Reached skill level 8 in Long Blades
  6364 | D:6      | Reached XP level 9. HP: 42/64 MP: 0/0
  6364 | D:6      | Learned a level 4 spell: Summon Lightning Spire
  6441 | D:6      | Found a glowing silver altar of Zin.
  6441 | D:6      | Noticed an angel
  6570 | D:6      | Identified the +2 robe of the Will of the Gods {Harm rF+
                  | Regen+ Stlth-}
  6655 | D:6      | Found a white marble altar of Elyvilon.
  6695 | D:6      | Found a blossoming altar of Fedhas.
  6697 | D:6      | Found a sparkling altar of Nemelex Xobeh.
  6894 | D:7      | Found an iron altar of Okawaru.
  6895 | D:7      | Found a bloodstained altar of Trog.
  7054 | D:7      | Reached skill level 9 in Long Blades
  7283 | D:7      | Noticed Joseph
  7311 | D:7      | Killed Joseph
  7312 | D:7      | Reached skill level 10 in Long Blades
  7530 | D:7      | Reached XP level 10. HP: 38/69 MP: 0/0
  7656 | D:7      | Found a broken altar of Ashenzari.
  7859 | D:8      | Reached skill level 11 in Long Blades
  8034 | D:8      | Noticed Grum
  8059 | D:8      | Killed Grum
  8317 | D:8      | Reached skill level 12 in Long Blades
  8476 | D:8      | Noticed a cyclops
  8488 | D:8      | Killed a cyclops
  8957 | D:9      | Noticed Pikel
  8970 | D:9      | Killed Pikel
  9396 | D:9      | Found a shadowy altar of Dithmenos.
  9637 | D:9      | Noticed a two-headed ogre
  9644 | D:9      | Killed a two-headed ogre
  9645 | D:9      | Reached skill level 13 in Long Blades
  9645 | D:9      | Reached XP level 11. HP: 74/74 MP: 0/0
  9645 | D:9      | Learned a level 5 spell: Yara's Violent Unravelling
  9723 | D:9      | Reached **** piety under Trog
 10130 | D:10     | Entered Level 10 of the Dungeon
 10165 | D:10     | Found a stormy altar of Qazlal.
 10181 | D:10     | Found a flagged portal.
 10288 | Bailey   | Entered a bailey
 10426 | Bailey   | Reached skill level 1 in Throwing
 10515 | Bailey   | Reached skill level 5 in Fighting
 10565 | Bailey   | Noticed an orc knight
 10605 | Bailey   | Slain by an orc knight

Illustrated notes

Levels and vault maps discovered:
D:1:      eino_arrival_tree_alley, layout_basic,
          hellmonk_ecumenical_altar_inner_sanctum, minmay_pentomino_w2
D:2:      layout_rooms, kennysheep_minor_cross, skrybe_limestone_x,
          grunt_ministairs_15
D:3:      layout_basic, grunt_gozag_statues, ebering_ghost_sewer_d,
          minmay_goblin_outpost
D:4:      layout_basic, nicolae_wu_jian_wuxing_cycle, nicolae_wooded_promenade,
          uniq_eustachio
D:5:      layout_gridville, mainiacjoe_overflow_alcove_2,
          minmay_misc_feat_roman, uniq_grinder
D:6:      layout_loops_ring, minitemple, zin_angel, minmay_temple_entry_mist,
          minivault_23
D:7:      layout_loops_ring, grunt_temple_overflow_bloody_war,
          mainiacjoe_overflow_alcove_1, minivault_14, uniq_joseph
D:8:      layout_loops_ring, uniq_grum
D:9:      layout_stronghold, grunt_dithmenos_smoke, uniq_pikel
D:10:     layout_long_grid, kennysheep_mini, lair_entry_dummy, enter_bailey_5,
          st_stairs_5
Temple:   pf_slimified_temple
Bailey:   bailey_polearm_5, bailey

Skill      XL: |  1  2  3  4  5  6  7  8  9 10 11 |
---------------+----------------------------------+-----
Long Blades    | 3 4 5 6 8 10 13 | 13.7
Fighting       | 4 5 |  5.0
Armour         | 3 5 |  5.2
Throwing       | 1 |  1.4
Dodging        | |  2.6

Action                   |  1- 3 |  4- 6 |  7- 9 | 10-12 || total
-------------------------+-------+-------+-------+-------++-------
Melee: Falchion          |    90 |   167 |   323 |   325 ||   905
Throw: Throwing net      |       |     1 |     1 |       ||     2
       Javelin           |       |       |     6 |    20 ||    26
Invok: Berserk           |       |     4 |    11 |    16 ||    31
       Trog's Hand       |       |       |     1 |     2 ||     3
       Brothers in Arms  |       |       |       |     2 ||     2
  Use: Scroll            |       |     3 |       |    12 ||    15
       Potion            |       |       |       |     1 ||     1
 Stab: Sleeping          |       |     1 |       |       ||     1
Armor: Animal skin       |    22 |     7 |       |       ||    29
       Leather armour    |       |    21 |     2 |       ||    23
       Ring mail         |       |       |    86 |    48 ||   134
       Acid dragon scale |       |       |       |    16 ||    16
Dodge: Dodged            |    74 |    91 |   154 |   166 ||   485

Table legend: (Time is in decaauts)
 A = Elapsed time spent in this place.
 B = Non-inter-level travel time spent in this place.
 C = Inter-level travel time spent in this place.
 D = Time resting spent in this place.
 E = Time spent auto-exploring this place.
 F = Levels seen in this place.
 G = Mean time per level.
                   A        B        C        D        E       F      G
               +--------+--------+--------+--------+--------+-----+--------+
         Total |  10772 |  10307 |    465 |   2351 |   5455 |  12 |  897.7 |
       Dungeon |  10332 |   9882 |    450 |   2304 |   5377 |  10 | 1033.2 |
        Temple |    117 |    102 |     15 |      0 |     78 |   1 |  117.0 |
        Bailey |    322 |    322 |      0 |     47 |      0 |   1 |  322.0 |
               +--------+--------+--------+--------+--------+-----+--------+

Top non-repeatable levels by time:
     D:3: 1480 daAuts
     D:1: 1334 daAuts
     D:9: 1190 daAuts
     D:4: 1182 daAuts
     D:6: 1125 daAuts
     D:7: 1088 daAuts
     D:5: 1003 daAuts
     D:8: 976 daAuts
     D:2: 783 daAuts
  Bailey: 322 daAuts
    D:10: 167 daAuts
  Temple: 117 daAuts
